 Dungeon Crawl Stone Soup version 0.27-a0-287-gd4424db (webtiles) character file.

Game seed: 13411138965652123940

7 Cunctator the Insei (level 2, 0/23 HPs)
             Began as a Gnoll Transmuter on Feb 8, 2021.
             Slain by a leopard gecko (2 damage)
             ... on level 1 of the Dungeon.
             The game lasted 00:05:48 (826 turns).

Cunctator the Insei (Gnoll Transmuter)               Turns: 826, Time: 00:05:48

Health: 0/23       AC:  2    Str:  9    XL:     2   Next: 0%
Magic:  7/7        EV: 13    Int: 12    God:
Gold:   40         SH:  0    Dex: 12    Spells: 9/10 levels left

rFire    . . .     SeeInvis .   h - +0 club
rCold    . . .     Faith    .   (no shield)
rNeg     . . .     Spirit   .   a - +0 robe
rPois    .         Reflect  .   (no helmet)
rElec    .         Harm     .   (no cloak)
rCorr    .         Rampage  .   (no gloves)
Will     .....                  (no boots)
Stlth    +.........             (no amulet)
HPRegen  0.07/turn              (no ring)
MPRegen  0.10/turn              (no ring)

@: no status effects
A: distributed training, fangs 1, strong nose
a: no special abilities


You were on level 1 of the Dungeon.
You visited 1 branch of the dungeon, and saw 1 of its levels.

You collected 40 gold pieces.


Innate Abilities, Weirdness & Mutations

Your experience applies equally to all skills.
You have very sharp teeth.
Your uncanny sense of smell can sniff out nearby items.


   Skills:
 + Level 2.4 Fighting
 + Level 0.2 Short Blades
 + Level 0.2 Long Blades
 + Level 0.2 Axes
 + Level 0.2 Maces & Flails
 + Level 0.2 Polearms
 + Level 0.2 Staves
 + Level 0.2 Slings
 + Level 0.2 Bows
 + Level 0.2 Crossbows
 + Level 0.2 Throwing
 + Level 0.2 Armour
 + Level 4.4 Dodging
 + Level 0.2 Stealth
 + Level 0.2 Shields
 + Level 6.4 Unarmed Combat
 + Level 4.9 Spellcasting
 + Level 0.1 Conjurations
 + Level 0.1 Hexes
 + Level 0.1 Summonings
 + Level 0.1 Necromancy
 + Level 0.1 Translocations
 + Level 3.6 Transmutations
 + Level 0.1 Fire Magic
 + Level 0.1 Ice Magic
 + Level 0.1 Air Magic
 + Level 0.1 Earth Magic
 + Level 0.1 Poison Magic
 + Level 0.3 Invocations
 + Level 0.2 Evocations


You had 9 spell levels left.
You knew the following spells:

 Your Spells              Type           Power        Failure   Level
z - Beastly Appendage     Tmut           22%          4%          1

Your spell library contained the following spells:

 Spells                   Type           Power        Failure   Level
 Wereblood                Tmut           11%          7%          2
 Spider Form              Tmut/Pois      3%           28%         3
 Ice Form                 Ice/Tmut       7%           67%         4
 Blade Hands              Tmut           5%           77%         5

Inventory:

Hand Weapons
 d - a +0 dagger
 h - a +0 club (weapon)
Missiles
 b - 51 stones
Armour
 a - a +0 robe (worn)
 e - a +0 leather armour
Jewellery
 i - an uncursed ring of see invisible {unknown}
Scrolls
 c - a scroll of remove curse {unknown}
 g - a scroll of identify {unknown}
Potions
 f - a potion of brilliance {unknown}

Dungeon Overview and Level Annotations

Branches:
Dungeon (1/15)

Altars:

▒.............▒.....▒ ▒.▒
▒....▒...........(..▒▒ ▒.▒
▒▒▒..▒▒.......÷......▒ ▒.▒
▒..▒▒.......▒.....▒▒ ▒.▒
▒.................▒ ▒.▒
▒.▒▒▒▒▒....▒▒>▒.▒.▒▒▒▒▒ ▒.▒
▒........▒.▒▒.▒▒▒.....▒▒▒.▒▒▒▒
▒▒▒▒▒▒▒▒▒▒.▒▒.▒ ▒..▒▒.........
▒.▒▒g▒ ▒..▒▒▒▒▒▒▒▒▒▒. ▒.▒▒l▒
▒......... ▒. ▒.▒▒.▒
▒▒.▒▒▒▒▒▒▒ ▒. ▒▒.▒▒.▒ ▒.▒ ▒ ▒.
▒...▒.▒▒▒▒.▒ ▒.▒▒.
▒..........▒ ▒..£.
▒...▒.................
▒▒▒▒▒▒▒▒▒▒▒▒▒▒▒▒▒▒▒▒▒▒


You could see a leopard gecko.


Message History

The leopard gecko bites you.
* * * LOW HITPOINT WARNING * * *
The leopard gecko hisses menacingly.
The leopard gecko closely misses you. The leopard gecko bites you.
* * * LOW HITPOINT WARNING * * *
There is a stone staircase leading down here.
The leopard gecko misses you. The leopard gecko closely misses you.
The leopard gecko hisses menacingly.
The leopard gecko barely misses you.
There is a stone staircase leading down here.
The leopard gecko barely misses you.
The leopard gecko hisses menacingly.
The leopard gecko misses you.
The leopard gecko hisses menacingly.
The leopard gecko barely misses you.
You closely miss the leopard gecko.
The leopard gecko is lightly wounded.
The leopard gecko bites you.
* * * LOW HITPOINT WARNING * * *
The leopard gecko bites you.
* * * LOW HITPOINT WARNING * * *
You barely miss the leopard gecko.
The leopard gecko is lightly wounded.
The leopard gecko barely misses you.
You hit the leopard gecko but do no damage.
The leopard gecko misses you. The leopard gecko bites you.
You die...

Action                   || total
-------------------------++-------
Melee: Club              ||    34
       Unarmed           ||     6
       Bite              ||     2
 Cast: Beastly Appendage ||     4
Armor: Robe              ||    14
Dodge: Dodged            ||    59

Levels and vault maps discovered:
D:1:      dpeg_arrival_solitude, layout_loops_ring

Notes
Turn   | Place    | Note
-------+----------+-------------------------------------------
     0 | D:1      | Cunctator the Gnoll Transmuter began the quest for the Orb.
     0 | D:1      | Reached XP level 1. HP: 17/17 MP: 6/6
   638 | D:1      | Reached XP level 2. HP: 23/23 MP: 7/7
   824 | D:1      | HP: 2/23 [leopard gecko (3)]
   826 | D:1      | Slain by a leopard gecko

Vanquished Creatures
  2 bats (D:1)
  A hobgoblin (D:1)
  2 jackals (D:1)
5 creatures vanquished.
